 Dungeon Crawl Stone Soup version 0.29.0-13-gc9e81de378 (webtiles) character file.

Game seed: 6980070158130229924

66864 ragingrage the Severer (level 15, -10/136 HPs)
             Began as a Hill Orc Monk on Sept 9, 2022.
             Was the Champion of Beogh.
             Mangled by an eleionoma (17 damage)
             ... on level 2 of the Swamp.
             The game lasted 00:36:06 (26470 turns).

ragingrage the Severer (Hill Orc Monk)             Turns: 26470, Time: 00:36:06

Health: -10/136    AC: 19    Str: 29    XL:     15   Next: 21%
Magic:  26/26      EV: 13    Int: 10    God:    Beogh [******]
Gold:   996        SH:  5    Dex: 13    Spells: 14/14 levels left

rFire   x . .      SeeInvis +   a - +5 broad axe (elec)
rCold   + . .      Faith    .   (no shield)
rNeg    . . .      Spirit   .   X - +3 ring mail {rC+}
rPois   .          Reflect  +   Z - +2 hat
rElec   +          Harm     .   G - +1 cloak
rCorr   +          Rampage  .   J - +2 pair of gloves of the Camelopard {rElec rF- Str+7}
Will    +....                   E - +0 pair of boots
Stlth   +.........              s - amulet of reflection
HPRegen 0.32/turn               Q - +4 ring of slaying
MPRegen 0.20/turn               M - ring "Jefumoj" {rCorr Slay+3 SInv}

@: lethally poisoned (-10 -> -21)
A: walk on water
a: Renounce Religion, Smiting, Recall Orcish Followers, Give Item to Named
Follower, Resurrection


You were on level 2 of the Swamp.
You worshipped Beogh.
Beogh was exalted by your worship.
You visited 4 branches of the dungeon, and saw 24 of its levels.
You also visited: Ossuary.

You collected 2056 gold pieces.
You spent 1060 gold pieces at shops.

Inventory:

Hand Weapons
 a - a +5 broad axe of electrocution (weapon)
 b - a +4 halberd of flaming
 W - a +2 sling of flaming
Missiles
 i - 2 throwing nets
 t - 9 curare-tipped darts (quivered)
 L - 7 javelins
 U - 25 poisoned darts
Armour
 E - a +0 pair of boots (worn)
 G - a +1 cloak (worn)
 J - the +2 pair of gloves of the Camelopard (worn) {rElec rF- Str+7}
   (You found it on level 5 of the Dungeon)

   Str:       It affects your strength (+7).
   rF:        It makes you vulnerable to fire.
   rElec:     It insulates you from electricity.
 X - a +3 ring mail of cold resistance (worn)
 Z - a +2 hat (worn)
Jewellery
 s - an amulet of reflection (around neck)
 M - the ring "Jefumoj" (right hand) {rCorr Slay+3 SInv}
   (You bought it in a shop on level 3 of the Dungeon)

   [ring of see invisible]

   Slay:      It affects your accuracy & damage with ranged weapons and melee
   (+3).
   SInv:      It lets you see invisible.
   rCorr:     It protects you from acid and corrosion.
 O - the ring "Piodept" {rN++ Will- Str+2 Dex+6}
   (You found it on level 7 of the Dungeon)

   [ring of dexterity]

   Str:       It affects your strength (+2).
   Dex:       It affects your dexterity (+6).
   rN:        It greatly protects you from negative energy.
   Will:      It decreases your willpower.
 Q - a +4 ring of slaying (left hand)
 V - a ring of fire
Wands
 w - a wand of iceblast (30)
 H - a wand of flame (17)
 K - a wand of light (29)
 N - a wand of polymorph (14)
 R - a wand of mindburst (15)
 S - a wand of charming (11)
 Y - a wand of digging (4)
Scrolls
 d - 4 scrolls of vulnerability
 e - 3 scrolls of butterflies
 g - 2 scrolls of silence
 k - 6 scrolls of identify {@rr}
 l - 10 scrolls of teleportation
 m - 6 scrolls of blinking
 n - a scroll of enchant armour
 p - 4 scrolls of poison
 v - 6 scrolls of immolation
 A - a scroll of summoning
 P - 3 scrolls of fear
 T - 4 scrolls of magic mapping
Potions
 c - 2 potions of ambrosia
 f - 13 potions of curing
 h - 7 potions of brilliance
 j - a potion of magic
 o - 6 potions of might
 r - 2 potions of lignification
 u - 6 potions of heal wounds
 x - 3 potions of cancellation
 y - 2 potions of attraction
 z - 3 potions of berserk rage
 B - 4 potions of mutation
 D - a potion of resistance
 F - 3 potions of haste
 I - 5 potions of flight
Miscellaneous
 C - a box of beasts


   Skills:
 + Level 13.3 Fighting
 * Level 17.5 Axes
 - Level 10.0 Armour
 + Level 5.6 Dodging
 - Level 1.5 Stealth
 - Level 7.0 Shields
 + Level 15.6 Invocations
 + Level 14.6 Evocations


You had 14 spell levels left.
You didn't know any spells.
Your spell library contained the following spells:

 Spells                   Type           Power      Damage    Failure   Level
 Foxfire                  Conj/Fire      0%         2x1d4     45%         1
 Sandblast                Erth           0%         2d4       45%         1
 Summon Small Mammal      Summ           0%         N/A       45%         1
 Static Discharge         Conj/Air       0%         3-3/arc   58%         2
 Call Canine Familiar     Summ           0%         N/A       83%         3
 Conjure Flame            Conj/Fire      0%         6-21      83%         3
 Ignite Poison            Fire/Tmut/Pois 0%         N/A       83%         3
 Inner Flame              Hex/Fire       0%         N/A       83%         3
 Summon Guardian Golem    Hex/Summ       0%         N/A       83%         3
 Tukima's Dance           Hex            0%         N/A       83%         3
 Cause Fear               Hex            0%         N/A       99%         4
 Dispel Undead            Necr           0%         3d6       99%         4
 Passage of Golubria      Tloc           0%         N/A       99%         4
 Sticky Flame             Conj/Fire      0%         2d3       99%         4
 Blade Hands              Tmut           0%         N/A       100%        5
 Fireball                 Conj/Fire      0%         3d3       100%        5
 Lee's Rapid Deconstruct  Erth           0%         3d5*      100%        5
 Yara's Violent Unravell  Hex/Tmut       0%         3d3       100%        5
 Dragon Form              Tmut           0%         N/A       100%        7
 Discord                  Hex            0%         N/A       100%        8


Dungeon Overview and Level Annotations

Branches:
Dungeon (15/15)            Temple (0/1) D:6            Lair (5/5) D:8
  Swamp (2/4) Lair:3       Spider (0/4) Lair:2        Slime (0/5) Lair:4
    Orc (2/2) D:9          Vaults (0/5) D:13         Depths (0/4) D:15
Ossuary (visited)
    Elf: Orc:2

Altars:
Cheibriados
Elyvilon
Fedhas
Gozag
Hepliaklqana
Nemelex Xobeh
Okawaru
Qazlal
Ru
Sif Muna
Uskayaw
Vehumet
Wu Jian
Xom
Jiyva
Lugonu

Shops:
D:2 *   D:3 :=   D:9 =*   D:13 (   D:15 (

Annotations:
D:4 exclusion: downstairs
D:7 2 transporters
Lair:5 exclusion: oklob plant
Swamp:1 3 runed translucent doors, Axikluogo's ghost, adept MiCA


Message History

The swamp dragon closely misses you. x2
Your orc knight is engulfed in poison gas.
Your orc knight looks even sicker.
The eleionoma hurls a spray of splinters at you.
The spray of wooden splinters hits you!
* * * LOW HITPOINT WARNING * * *
Unknown command.
Unknown command.
Unknown command.
Unknown command.
Unknown command.
Okay, then.
You feel much better.
You are engulfed in poison gas.
You are more poisoned.
* * * LOW HITPOINT WARNING * * *
x2 You feel extremely sick.
Thorok is engulfed in poison gas.
Thorok looks even sicker.
Marbork is engulfed in poison gas.
Marbork looks even sicker.
Grimold barely misses the eleionoma.
Your sun demon hits the swamp dragon!
The swamp dragon is engulfed in flames!
The swamp dragon bites your sun demon but does no damage.
The swamp dragon closely misses your sun demon.
The swamp dragon tramples your sun demon but does no damage.
The eleionoma hits you but does no damage.
Unknown command.
You feel better.
You are engulfed in poison gas.
You are poisoned.
* * * LOW HITPOINT WARNING * * *
x2 You feel very sick.
Marbork no longer looks unusually strong.
Your sun demon hits the swamp dragon!!
The swamp dragon dies!
Beogh accepts your kill.
Marbork is engulfed in poison gas.
Marbork looks as sick as possible!
Grimold hits the eleionoma with a +0 great mace!!
The eleionoma hits you!
You die...

...♣~♣ .. ♣...~ ♣♣♣~.
~.$. ..... ♣♣..##..#.#.
♣♣.......#.....
♣°o#......##...
.♣♣♣♣♣Ro°o°#.§....~.
.~..D~3@o°oo...~~..~
......†###o§.§♣~~♣♣ ♣
..♣♣... #.o..§~~.♣~♣
♣♣.. #o...♣.~[... ~~.
#...†...§..~♣.~
..♣.....#....$.~....~
..~♣..#..##..###......
.~§.♣♣!...#.....#..~...
♣♣.......###.~~~~~


You could see an eleionoma (ally target), a six-headed hydra, the friendly Morun
the orc warlord (strong), a friendly orc knight (strong, very poisoned), the
friendly Grimold the orc knight (strong, very poisoned), the friendly Marbork
the orc knight (extremely poisoned), the friendly Thorok the orc knight (strong,
very poisoned), the friendly Bogwik the orc high priest (strong), a friendly sun
demon (summoned) and a friendly orc warrior (strong).

Vanquished Creatures
  2 eleionomae
  2 hydras
  2 centaur warriors
  2 two-headed ogres
  3 catoblepae
  A death yak (Lair:5)
  2 tengu warriors
  A vampire mage (D:15)
  A deep troll shaman (Lair:5)
  A goliath frog (Swamp:2)
  A skeletal warrior (D:15)
  Pikel (D:5)
  A bog body (Swamp:1)
  2 orc knights (D:15)
  A will-o-the-wisp (Swamp:1)
  2 wolf spiders
  5 ugly things (D:15)
  3 cyclopes
  A guardian serpent (shapeshifter) (D:13)
  An elephant (Lair:5)
  A black mamba (Lair:3)
  4 cane toads
  2 komodo dragons
  A kobold demonologist (D:9)
  A rime drake (Lair:3)
  A freezing wraith (D:15)
  2 tengu conjurers
  3 trolls
  2 slime creatures
  3 tyrant leeches (Swamp:1)
  Grinder (D:5)
  3 hornets
  4 blink frogs
  3 spriggans
  A shadow (D:11)
  3 wraiths
  4 wyverns
  31 yaks
  2 basilisks (D:14)
  A hog (Swamp:1)
  2 swamp worms (Swamp:1)
  13 vampire mosquitoes
  A warg (D:15)
  An acid dragon (D:11)
  5 water moccasins
  A glowing shapeshifter skeleton (D:15)
  Duvessa (D:4)
  An orc warrior (Orc:2)
  4 black bears
  2 ogres
  A wolf (D:8)
  2 centaurs
  A lemure (D:4)
  2 kobold brigands
  4 bullfrogs
  A gnoll sergeant (D:11)
  A scorpion (D:7)
  A necrophage (D:7)
  A wight (D:7)
  4 killer bees
  A troll zombie (Ossuary)
  A howler monkey (D:10)
  A human zombie (Ossuary)
  3 centaur zombies (Ossuary)
  2 orc priests
  3 hounds
  2 jellies (D:7)
  3 iguanas
  An orc wizard (D:9)
  3 hell rats (Lair:5)
  An ogre zombie (Ossuary)
  7 mummies (Ossuary)
  8 adders
  3 gnolls (D:11)
  3 adder zombies (Ossuary)
  3 worms
  4 dart slugs
  5 orcs
  6 ball pythons
  5 bats
  7 endoplasms
  2 giant cockroaches
  2 gnoll zombies (Ossuary)
  9 goblins
  9 hobgoblins
  A jackal (D:4)
  14 kobolds
  5 quokkas
  4 frilled lizards
  7 goblin zombies (Ossuary)
  3 hobgoblin zombies (Ossuary)
  2 kobold zombies (Ossuary)
  3 quokka zombies (Ossuary)
  7 rats
  4 rat zombies (Ossuary)
301 creatures vanquished.

Vanquished Creatures (collateral kills)
  Kirke (Swamp:1)
  A bunyip (Swamp:2)
  Snorg (D:10)
  3 two-headed ogres
  8 vault guards (D:13)
  4 hydras
  A catoblepas (Lair:5)
  5 death yaks (Lair:5)
  2 alligators
  2 tengu warriors (D:14)
  A goliath frog (Swamp:1)
  A skeletal warrior (D:15)
  2 spriggan druids
  A bog body (Swamp:1)
  A lindwurm (Lair:5)
  A sphinx zombie (D:15)
  A swamp dragon (Swamp:2)
  A deep elf pyromancer (D:15)
  An oklob plant (Lair:5)
  A shadow dragon skeleton (D:15)
  A necromancer (D:15)
  2 cyclopes
  A frost giant zombie (D:15)
  An ugly thing (D:12)
  2 manticores
  5 elephants
  2 black mambas (Lair:5)
  Joseph (D:9)
  A gargoyle (D:14)
  6 cane toads
  6 komodo dragons
  An unseen horror (D:11)
  2 tengu conjurers (D:14)
  A polar bear (Lair:5)
  4 trolls
  4 slime creatures
  2 hornets
  Prince Ribbit (D:7)
  A tyrant leech (Swamp:1)
  11 blink frogs
  A jumping spider (shapeshifter) (D:15)
  3 spriggans
  34 yaks
  A wraith (D:12)
  4 wyverns
  2 hogs (Swamp:1)
  A basilisk (D:8)
  2 steam dragons (D:6)
  3 vampire mosquitoes
  A swamp worm (Swamp:1)
  An acid dragon (D:12)
  8 water moccasins
  5 black bears
  2 orc warriors
  2 ice beasts (D:5)
  3 swamp drakes
  A lemure (D:4)
  9 wolves
  3 centaurs (D:13)
  6 bullfrogs
  2 necrophages
  A scorpion (D:8)
  Dowan (D:4)
  2 wights (D:7)
  12 killer bees
  2 hounds (D:5)
  2 orc priests
  5 iguanas
  3 orc wizards
  2 hell rats (Lair:5)
  A gnoll (D:11)
  2 adders (D:5)
  A white imp (D:7)
  16 orcs
  An endoplasm (D:4)
  A jackal (D:4)
  3 kobolds (D:8)
  A bush (Lair:5)
244 creatures vanquished.

Vanquished Creatures (others)
  An orc knight (Lair:5)
  A tengu conjurer (D:14)
  2 bloated husks (Swamp:1)
  2 humans (Swamp:1)
  2 orc warriors
  An orc priest (D:8)
  4 orc wizards
  A shadow imp (D:3)
  32 orcs
  2 foxfires (Swamp:1)
  32 fungi
  61 plants
  5 withered plants (D:15)
146 creatures vanquished.

Grand Total: 691 creatures vanquished

Notes
Turn   | Place    | Note
-------+----------+-------------------------------------------
     0 | D:1      | ragingrage the Hill Orc Monk began the quest for the Orb.
     0 | D:1      | Reached XP level 1. HP: 19/19 MP: 1/1
   167 | D:1      | Reached XP level 2. HP: 26/26 MP: 2/2
   316 | D:1      | Reached skill level 5 in Axes
   555 | D:1      | Reached XP level 3. HP: 25/31 MP: 3/3
  1356 | D:2      | Reached skill level 6 in Axes
  1398 | D:2      | Reached XP level 4. HP: 29/39 MP: 4/4
  1541 | D:2      | Found Quif's General Store.
  1637 | D:2      | Found a white marble altar of Elyvilon.
  2145 | D:2      | Reached skill level 7 in Axes
  2366 | D:3      | Found a stormy altar of Qazlal.
  2506 | D:3      | Found a shimmering altar of Xom.
  2611 | D:3      | Found a transporter.
  2693 | D:3      | Found a transporter.
  2710 | D:3      | Became a worshipper of Beogh the Brigand
  2710 | D:3      | Reached * piety under Beogh
  2710 | D:3      | Reached ** piety under Beogh
  2820 | D:3      | Found Eckoew's Vocational Training.
  2843 | D:3      | Reached XP level 5. HP: 39/45 MP: 5/5
  3157 | D:3      | Found Ememned's Jewellery Shop.
  3205 | D:3      | Found a faded altar of an unknown god.
  3213 | D:3      | Got Plato's Tractate on Earth
  3262 | D:3      | Reached skill level 1 in Invocations
  3292 | D:4      | Got Diqyusae's Omnibus of the Coarse Blaze
  3357 | D:4      | Found a sand-covered staircase.
  3362 | Ossuary  | Entered an ossuary
  3438 | Ossuary  | Reached skill level 8 in Axes
  3525 | Ossuary  | Reached XP level 6. HP: 49/51 MP: 7/7
  4077 | Ossuary  | Reached *** piety under Beogh
  4107 | Ossuary  | Reached skill level 9 in Axes
  4265 | Ossuary  | Reached XP level 7. HP: 57/57 MP: 9/9
  5174 | D:4      | Noticed Dowan
  5175 | D:4      | Noticed Duvessa
  5177 | D:4      | Killed Duvessa
  5178 | D:4      | Reached skill level 10 in Axes
  5181 | D:4      | Killed Dowan
  5379 | D:5      | Entered Level 5 of the Dungeon
  5395 | D:5      | Noticed Pikel
  5547 | D:5      | Reached skill level 5 in Invocations
  5547 | D:5      | Reached skill level 1 in Evocations
  5547 | D:5      | Reached XP level 8. HP: 64/64 MP: 11/11
  5642 | D:5      | Killed Pikel
  5643 | D:5      | Reached skill level 11 in Axes
  5814 | D:5      | Found a blossoming altar of Fedhas.
  5819 | D:5      | Found an opulent altar of Gozag.
  5958 | D:5      | Noticed Grinder
  5962 | D:5      | Killed Grinder
  6024 | D:5      | Identified the +2 pair of gloves of the Camelopard {rElec
                  | rF- Str+7}
  6262 | D:6      | Reached skill level 12 in Axes
  6273 | D:6      | Reached skill level 5 in Evocations
  6273 | D:6      | Reached XP level 9. HP: 25/70 MP: 12/14
  6673 | D:6      | Found a hide-covered altar of Uskayaw.
  6803 | D:6      | Found a staircase to the Ecumenical Temple.
  6936 | D:6      | Found a hazy altar of Hepliaklqana.
  7338 | D:7      | Found a sparkling altar of Nemelex Xobeh.
  7365 | D:7      | Reached skill level 13 in Axes
  7514 | D:7      | Identified the ring "Piodept" {rN++ Will- Str+2 Dex+6}
  7517 | D:7      | Noticed Prince Ribbit
  7525 | D:7      | Killed Prince Ribbit
  7782 | D:7      | Found a shimmering blue altar of Sif Muna.
  7857 | D:7      | Noticed a purple ugly thing
  7858 | D:7      | Found a transporter.
  7860 | D:7      | Found a corrupted altar of Lugonu.
  7860 | D:7      | Noticed a cyan ugly thing
  7861 | D:7      | Noticed a red ugly thing
  7861 | D:7      | Noticed a cyan ugly thing
  8286 | D:7      | Found a transporter.
  8413 | D:8      | Reached skill level 14 in Axes
  8427 | D:8      | Reached XP level 10. HP: 42/77 MP: 12/16
  8442 | D:8      | Found a staircase to the Lair.
  8779 | D:8      | Found a radiant altar of Vehumet.
  8817 | D:8      | Gained Urtork as an ally
  8940 | D:8      | Reached skill level 15 in Axes
  9145 | D:8      | Your ally Urtork died
  9559 | D:8      | Gained Morun as an ally
  9917 | D:8      | Reached **** piety under Beogh
 10113 | D:9      | Found an ornate altar of the Wu Jian Council.
 10154 | D:9      | Found an iron altar of Okawaru.
 10178 | D:9      | Noticed Joseph
 10182 | D:9      | Found Qovattua's General Store.
 10185 | D:9      | Killed Joseph
 10186 | D:9      | Reached skill level 16 in Axes
 10206 | D:9      | Bought a scroll of blinking for 97 gold pieces
 10206 | D:9      | Bought a potion of heal wounds for 65 gold pieces
 10389 | D:9      | Noticed a kobold demonologist
 10395 | D:9      | Killed a kobold demonologist
 10396 | D:9      | Reached skill level 1 in Armour
 10396 | D:9      | Reached skill level 1 in Shields
 10439 | D:9      | Found a snail-covered altar of Cheibriados.
 10441 | D:9      | Found a sacrificial altar of Ru.
 10447 | D:9      | Found Lymuosesuy's One-of-a-Kind Rings.
 10869 | D:9      | Found a staircase to the Orcish Mines.
 11187 | Lair:1   | Entered Level 1 of the Lair of Beasts
 11253 | Lair:1   | Noticed a cane toad
 11253 | Lair:1   | Noticed a cane toad
 11253 | Lair:1   | Noticed a cane toad
 11254 | Lair:1   | Noticed a cane toad
 11261 | Lair:1   | Killed a cane toad
 11262 | Lair:1   | Reached XP level 11. HP: 77/85 MP: 17/17
 11270 | Lair:1   | Reached skill level 5 in Fighting
 11729 | Lair:1   | Reached skill level 10 in Evocations
 12581 | Lair:2   | Noticed an eight-headed hydra
 12589 | Lair:2   | Killed an eight-headed hydra
 12839 | Lair:2   | Found a hole to the Spider Nest.
 12839 | Lair:2   | Noticed a wolf spider
 12848 | Lair:2   | Killed a wolf spider
 14017 | Lair:3   | Reached skill level 5 in Armour
 14017 | Lair:3   | Reached skill level 10 in Invocations
 14019 | Lair:3   | Reached skill level 5 in Shields
 14189 | Lair:3   | Found a staircase to the Swamp.
 14198 | Lair:3   | Reached XP level 12. HP: 97/97 MP: 19/19
 14205 | Lair:3   | Identified the +0 ring mail "Tomn" {Rampage rPois Int-2
                  | Dex+4}
 14263 | Lair:3   | Identified the +7 rapier "Hekeusus" {holy, rPois Int+3
                  | Stlth-}
 14974 | Lair:4   | Found a viscous altar of Jiyva.
 14974 | Lair:4   | Found a staircase to the Slime Pits.
 15974 | Lair:5   | Entered Level 5 of the Lair of Beasts
 16049 | Lair:5   | Noticed a seven-headed hydra
 16056 | Lair:5   | Killed a ten-headed hydra
 16059 | Lair:5   | Reached ***** piety under Beogh
 16375 | Lair:5   | Noticed a six-headed hydra
 16383 | Lair:5   | Killed a three-headed hydra
 16453 | Lair:5   | Noticed a catoblepas
 16460 | Lair:5   | Killed a catoblepas
 16759 | Lair:5   | Gained Bogward as an ally
 16760 | Lair:5   | Gained Thorok as an ally
 16970 | Lair:5   | Noticed a catoblepas
 16979 | Lair:5   | Killed a catoblepas
 16980 | Lair:5   | Reached XP level 13. HP: 65/111 MP: 21/21
 17506 | Lair:5   | Your ally Bogward died
 18034 | Lair:5   | Got the Disquisition on Petrous Transformation
 18541 | D:3      | Bought the ring "Jefumoj" {rCorr Slay+3 SInv} for 482 gold
                  | pieces
 18676 | Orc:1    | Entered Level 1 of the Orcish Mines
 18749 | Orc:2    | Entered Level 2 of the Orcish Mines
 18767 | Orc:2    | Reached skill level 10 in Fighting
 19069 | D:10     | Entered Level 10 of the Dungeon
 19752 | D:10     | Noticed Snorg
 19765 | D:10     | Killed Snorg
 21300 | D:12     | Identified the +0 pair of gloves of the Constellations
                  | {rCorr}
 21546 | D:13     | Noticed a vault guard
 21546 | D:13     | Noticed a vault guard
 21546 | D:13     | Noticed a vault guard
 21546 | D:13     | Noticed a vault guard
 21547 | D:13     | Found a gate to the Vaults.
 21547 | D:13     | Noticed a vault guard
 21547 | D:13     | Noticed a vault guard
 21547 | D:13     | Noticed a vault guard
 21548 | D:13     | Noticed a vault guard
 21551 | D:13     | Killed a vault guard
 21553 | D:13     | Killed a vault guard
 21554 | D:13     | Reached XP level 14. HP: 125/125 MP: 24/24
 21992 | D:13     | Found Qaehoshrix's Weapon Boutique.
 22002 | D:13     | Bought a +4 broad axe of electrocution for 416 gold pieces
 22086 | D:13     | Found an opulent altar of Gozag.
 22629 | D:14     | Found a shimmering altar of Xom.
 22631 | D:14     | Found a shimmering altar of Xom.
 22631 | D:14     | Found a shimmering altar of Xom.
 22632 | D:14     | Found a shimmering altar of Xom.
 22632 | D:14     | Found a shimmering altar of Xom.
 22632 | D:14     | Found a shimmering altar of Xom.
 22632 | D:14     | Gained Marbork as an ally
 23464 | D:15     | Entered Level 15 of the Dungeon
 23464 | D:15     | Found Ixkenose's Weapon Emporium.
 23470 | D:15     | Gained Grimold as an ally
 23475 | D:15     | Reached ****** piety under Beogh
 23596 | D:15     | Reached skill level 15 in Invocations
 23896 | D:15     | Found a staircase to the Depths.
 24147 | D:15     | Reached skill level 5 in Dodging
 24198 | D:15     | Found a sacrificial altar of Ru.
 24442 | D:15     | Gained Bogwik as an ally
 25026 | Swamp:1  | Entered Level 1 of the Swamp
 25091 | Swamp:1  | Reached skill level 10 in Armour
 25093 | Swamp:1  | Reached skill level 17 in Axes
 25379 | Swamp:1  | Noticed Kirke
 25386 | Swamp:1  | Killed Kirke
 25399 | Swamp:1  | Reached XP level 15. HP: 70/135 MP: 26/26
 25817 | Swamp:1  | Noticed Axikluogo's ghost (adept MiCA)
 25817 | Swamp:1  | Noticed a thorn hunter
 25831 | Swamp:1  | Noticed a fenstrider witch
 25845 | Swamp:1  | Found a runed translucent gate.
 25845 | Swamp:1  | Found a runed translucent gate.
 25845 | Swamp:1  | Found a runed translucent gate.
 25968 | Swamp:1  | Found a hide-covered altar of Uskayaw.
 26468 | Swamp:2  | HP: 1/136 [eleionoma/spray of wooden splinters (11)]
 26470 | Swamp:2  | Mangled by an eleionoma

Illustrated notes

Levels and vault maps discovered:
D:1:      ebering_trefoil_twist, layout_basic
D:2:      layout_basic, serial_shops, nicolae_shop_waterfront, basic_altar,
          chequers_hall_statues_y, serial_park_tiny_pond, minmay_quadrilaterals
D:3:      gammafunk_wand_slinger, layout_basic, old_standard_altar,
          mainiacjoe_overflow_brackets, shapermc_ecumenical_altar_rom_forum,
          serial_shops, nicolae_shop_hallway_plus, nicolae_shop_vocational
D:4:      layout_cave_pods, serial_column_ruins, column_ruins_pillar_6,
          column_ruins_pillar_6, column_ruins_pillar_1, column_ruins_pillar_2,
          column_ruins_pillar_4, column_ruins_pillar_7, column_ruins_pillar_2,
          column_ruins_pillar_4, column_ruins_pillar_11, column_ruins_pillar_3,
          column_ruins_pillar_1, column_ruins_pillar_1, column_ruins_pillar_1,
          column_ruins_pillar_4, column_ruins_pillar_8, column_ruins_pillar_3,
          column_ruins_pillar_3, column_ruins_pillar_9, enter_ossuary_2,
          hangedman_abyss_or_decor_slice, serial_bayou_pond_d, minivault_4,
          amethyst_killhole, chequers_serial_rivers_small_3,
          minmay_fractal_squares_gapless_5, uniq_duvessa
D:5:      layout_basic, fedhas_altar_3, kennysheep_little_box, uniq_pikel,
          uniq_grinder
D:6:      layout_loops_ring, mainiacjoe_overflow_chevrons, lemuel_round_altar,
          minmay_temple_entry_slanted
D:7:      gammafunk_corrupted_shrine, layout_loops_ring,
          nemelex_spade_bored_becter, lemuel_blue_sif_altar, uniq_prince_ribbit1
D:8:      layout_loops_ring, old_standard_altar, minmay_lair_entry_grove,
          grunt_decor_clamped
D:9:      layout_cave_pools, mainiacjoe_overflow_divided_tiny,
          mainiacjoe_overflow_boulevard, kennysheep_mini_moat, erik_orc_1,
          serial_shops, shop, nicolae_shop_unique_rings, the_hattery,
          uniq_joseph
D:10:     layout_stronghold, minmay_misc_feat_secret_circle, eino_tiny_chamber,
          uniq_snorg
D:11:     layout_rooms
D:12:     layout_loops_ring
D:13:     layout_small_grid, erik_vaults_2, serial_shops,
          nicolae_shop_bloodbath_and_beyond, minivault_25,
          nicolae_gozag_seed_capital
D:14:     layout_long_grid, xom_redecorated
D:15:     gammafunk_depths_entry_grave, layout_basic, serial_shops, shop,
          nicolae_ru_path_of_blood
Lair:1:   layout_cave_pods, beast_lair_carwin_2, grunt_megastairs_5
Lair:2:   layout_cellular_growth, spider_nest_entry_rubble
Lair:3:   layout_concentric_octagons, minmay_swamp_entry_reptiles,
          beast_lair_carwin_3
Lair:4:   layout_concentric_octagons, slime_entry_1
Lair:5:   grunt_lair_end_beastmaster, layout_regular_city,
          chequers_serial_rivers_micro_e, minmay_lair_oklob_bushes,
          lemuel_old_faithful
Swamp:1:  layout_basic_swamp, gammafunk_ghost_split, lemuel_altar_in_water,
          swamp_pool1, infiniplex_staircase_pool, uniq_kirke
Swamp:2:  layout_basic_swamp, serial_swamp_ruin, evilmike_swamp_ruin_rubble_2,
          evilmike_swamp_ruin_house_1
Orc:1:    layout_diamond_mine
Orc:2:    st_orc_congregation, layout_diamond_mine

Skill      XL: |  1  2  3  4  5  6  7  8  9 10 11 12 13 14 |
---------------+-------------------------------------------+-----
Axes           | 5 6 7 8 9 10 12 14 16 17 | 17.5
Invocations    | 2 3 5 6 9 10 11 14 15 | 15.6
Evocations     | 1 5 6 9 11 12 14 | 14.6
Armour         | 2 5 7 9 10 | 10.0
Shields        | 2 5 7 |  7.0
Fighting       | 4 6 9 11 13 | 13.3
Dodging        | 3 4 5 |  5.6
Stealth        | |  1.5

Action                   |  1- 3 |  4- 6 |  7- 9 | 10-12 | 13-15 || total
-------------------------+-------+-------+-------+-------+-------++-------
Melee: Hand axe          |    48 |       |       |   272 |   223 ||   543
       Whip              |    49 |   305 |   194 |   126 |       ||   674
       Punch             |     2 |       |       |       |     8 ||    10
       War axe           |       |       |     8 |    22 |       ||    30
       Halberd           |       |       |       |     2 |     3 ||     5
       Broad axe         |       |       |       |       |   182 ||   182
 Fire: Sling             |       |       |       |     4 |       ||     4
Throw: Dart              |       |       |     4 |     3 |     2 ||     9
Invok: Convert to Beogh  |       |     1 |       |       |       ||     1
       Smiting           |       |     1 |     8 |     3 |     4 ||    16
       Recall Orcish Fol |       |       |       |       |    31 ||    31
       Give Item to Name |       |       |       |       |     3 ||     3
Evoke: Wand              |       |       |       |     2 |       ||     2
       Box of beasts     |       |       |       |       |     2 ||     2
  Use: Scroll            |       |     3 |     8 |    15 |     4 ||    30
       Potion            |       |       |       |       |     4 ||     4
 Stab: Sleeping          |     3 |       |       |     2 |       ||     5
       Distracted        |       |       |     1 |     2 |     7 ||    10
       Confused          |       |       |       |       |     2 ||     2
       Petrifying        |       |       |       |       |     1 ||     1
Armor: Robe              |    11 |       |       |       |       ||    11
       Scale mail        |    15 |    88 |    46 |       |       ||   149
       Steam dragon scal |       |       |    28 |    17 |       ||    45
       Ring mail         |       |       |       |    86 |   182 ||   268
Dodge: Dodged            |    57 |    93 |    81 |   177 |   157 ||   565
Block: Buckler           |       |    76 |    82 |   167 |       ||   325
       Other             |       |       |       |     7 |    62 ||    69
